 Dungeon Crawl Stone Soup version 0.31.0-11-ge490571c62 (webtiles) character file.

Game seed: 874500043743920950

238 nightchill the Chopper (level 5, -6/48 HPs)
             Began as a Minotaur Fighter on Feb 5, 2024.
             Mangled by an ogre
             ... wielding a +0 giant club
              (21 damage)
             ... on level 4 of the Dungeon.
             The game lasted 00:05:08 (2085 turns).

nightchill the Chopper (Minotaur Fighter)           Turns: 2085, Time: 00:05:09

Health: -6/48      AC: 12    Str: 22    XL:     5   Next: 78%
Magic:  4/4        EV:  6    Int:  5    God:
Gold:   122        SH:  4    Dex: 10    Spells: 4/4 levels left

rFire   . . .        a - +0 war axe
rCold   . . .        c - +0 buckler
rNeg    + . .        f - +0 plate armour
rPois   .            (helmet restricted)
rElec   .            (no cloak)
rCorr   .            l - +0 pair of gloves
SInv    .            (no boots)
Will    .....        (no amulet) Stlth
                     g - ring of positive energy
HPRegen 0.28/turn    t - ring of flight
MPRegen 0.09/turn

%: no passive effects
@: about to teleport, flying
A: horns 2, retaliatory headbutt
a: no special abilities


You were on level 4 of the Dungeon.
You visited 1 branch of the dungeon, and saw 4 of its levels.

You collected 122 gold pieces.

Inventory:

Hand Weapons
 a - a +0 war axe (weapon)
Missiles
 i - 2 datura-tipped darts
 p - 5 poisoned darts (quivered)
Armour
 c - a +0 buckler (worn)
 f - a +0 plate armour (worn)
 l - a +0 pair of gloves (worn)
Magical Staves
 m - a staff of air
Jewellery
 g - a ring of positive energy (left hand)
 t - a ring of flight (right hand)
Wands
 n - a wand of flame (5)
Scrolls
 b - a scroll of vulnerability {unknown}
 j - a scroll of enchant weapon {unknown}
 k - a scroll of teleportation
Potions
 d - a potion of might
 e - a potion of enlightenment {unknown}
 h - a potion of mutation {unknown}
 o - 2 potions of attraction {unknown}
 r - 2 potions of curing {unknown}
 s - 2 potions of degeneration {unknown}


   Skills:
 + Level 5.4 Fighting
 * Level 6.1 Axes
 - Level 3.6 Armour
 - Level 3.6 Shields


You had 4 spell levels left.
You didn't know any spells.
Your spell library contained the following spells:

 Spells                   Type           Power      Damage    Failure   Level
 Dazzling Flash           Conj/Hex       0%         N/A       100%        3
 Volatile Blastmotes      Fire/Tloc      0%         2d10      100%        3
 Starburst                Conj/Fire      0%         6d3       100%        6
 Maxwell's Capacitive Co  Air            0%         ∞         100%        8


Dungeon Overview and Level Annotations

Branches:
Dungeon (4/15)
 Temple: D:4-7

Altars:

Annotations:
D:3 exclusion: downstairs


Innate Abilities, Weirdness & Mutations

You have a pair of horns on your head.
You reflexively headbutt those who attack you in melee.


Message History

You destroy the sleepcap!
Your Axes skill increases to level 6!
There is a stone staircase leading up here.
You drop a ring of magical power.
Okay, then.
An adder comes into view.
The adder hisses angrily.
You slash the adder!
You kill the adder!
No target in view!
Found a book of Spectacle.
r - 2 cyan potions (gained 1)
A giant cockroach comes into view.
Found a stone staircase leading down.
You pick up a book of Spectacle and begin reading...
You add the spells Volatile Blastmotes, Dazzling Flash, Starburst and Maxwell's Capacitive Coupling to your library.
A hobgoblin comes into view.
You hit the giant cockroach.
You kill the giant cockroach!
You closely miss the hobgoblin.
The hobgoblin hits you but does no damage.
The hobgoblin barely misses you.
You hit the hobgoblin but do no damage. You block the hobgoblin's attack.
You barely miss the ogre. You hit the hobgoblin.
The hobgoblin hits you but does no damage.
The ogre hits you with a +0 giant club!
You hit the ogre. You headbutt the ogre!
The ogre is moderately wounded.
You barely miss the hobgoblin.
The hobgoblin hits you but does no damage.
The ogre hits you with a +0 giant club!!
* * * LOW HITPOINT WARNING * * *
As you read the scroll of teleportation, it crumbles to dust.
You feel strangely unstable.
The hobgoblin hits you but does no damage.
You slash the ogre!
The ogre is severely wounded.
You closely miss the hobgoblin. You block the hobgoblin's attack.
The ogre hits you with a +0 giant club!!
You die...

.. #. .
.....####
###....... ##
###.....>. .
......... #.
.........
#.##........
#...........
#O@g......
#...###### #...#
#...# #...#
.#####...#######
...............#
...............#
...............#


You could see an ogre and a hobgoblin.

Vanquished Creatures
  A scorpion (D:4)
  A sleepcap (D:4)
  Natasha (thrice) (D:2)
  An adder (D:4)
  A dart slug (D:1)
  2 ribbon worms
  2 orcs (D:3)
  9 ball pythons
  3 bats
  5 endoplasms
  3 giant cockroaches
  6 goblins (D:1)
  3 hobgoblins
  4 jackals (D:1)
  3 quokkas
  3 frilled lizards
  5 kobolds
  6 rats
61 creatures vanquished.

Notes
Turn   | Place    | Note
-------+----------+-------------------------------------------
     0 | D:1      | nightchill the Minotaur Fighter began the quest for the
                  | Orb.
     0 | D:1      | Reached XP level 1. HP: 19/19 MP: 0/0
    10 | D:1      | Found a faded altar of an unknown god.
    21 | D:1      | Reached skill level 3 in Axes
    22 | D:1      | Reached XP level 2. HP: 21/27 MP: 1/1
   289 | D:1      | Reached XP level 3. HP: 33/33 MP: 2/2
   747 | D:2      | Reached skill level 4 in Axes
   784 | D:2      | Noticed Natasha
   792 | D:2      | Killed Natasha
   848 | D:2      | Reached XP level 4. HP: 37/41 MP: 3/3
  1010 | D:2      | Noticed Natasha
  1018 | D:2      | Killed Natasha
  1088 | D:2      | Noticed Natasha
  1094 | D:2      | Killed Natasha
  1095 | D:2      | Reached skill level 5 in Axes
  1782 | D:3      | Reached skill level 5 in Fighting
  1811 | D:3      | Reached XP level 5. HP: 48/48 MP: 4/4
  1951 | D:4      | Noticed an ogre
  2057 | D:4      | Reached skill level 6 in Axes
  2085 | D:4      | Mangled by an ogre

Illustrated notes

Levels and vault maps discovered:
D:1:      evilmike_arrival_crescent, layout_basic,
          hellmonk_ecumenical_altar_run_dry
D:2:      layout_basic, kennysheep_boxes, uniq_natasha
D:3:      layout_basic
D:4:      layout_loops_cross, lemuel_round_altar, lemuel_coloured_pillars_altar,
          nicolae_qazlal_style_of_elements, uniq_sigmund

Skill      XL: |  1  2  3  4  5 |
---------------+----------------+-----
Axes           | 3 4 5 6 |  6.1
Fighting       | 4 5 |  5.4
Armour         | |  3.6
Shields        | |  3.6

Action                     |  1- 3 |  4- 6 || total
---------------------------+-------+-------++-------
  Melee: War axe           |    66 |    61 ||   127
         Headbutt          |     6 |    10 ||    16
    Use: Scroll            |       |     2 ||     2
 Armour: Scale mail        |    17 |       ||    17
         Plate armour      |    35 |    68 ||   103
  Dodge: Dodged            |    29 |    12 ||    41
  Block: Buckler           |    13 |    15 ||    28
